TOP OF THE 1ST |
University of Southern California Trojans batting - Pitching for University of Minnesota Golden Gophers : RHP Getachew El Sayed
|
Pitching: RHP Getachew El Sayed
|
|
Batting: RHB Arturo Galdamez
|
0-0: Ground out 6-3 (Groundball, 6MS, EV 88.8 MPH)
|
Batting: LHB Alex Chairez
|
0-0: Ground out U3 (Groundball, 34S, EV 90.0 MPH)
|
Batting: RHB Carlos Livas
|
0-0: Ball 1-0: SINGLE (Groundball, 56S, EV 71.2 MPH) (infield hit)
|
Batting: LHB Miguel Espinoza
|
0-0: Ball Carlos Livas is caught stealing 2nd base 2-6
|
Top of the 1st over - 0 runs, 1 hit, 0 errors, 0 left on base; University of Southern California 0 - University of Minnesota 0 |
BOTTOM OF THE 1ST |
University of Minnesota Golden Gophers batting - Pitching for University of Southern California Trojans : LHP Will Creelman
|
Pitching: LHP Will Creelman
|
|
Batting: LHB Yomas Rodriguez
|
0-0: Ball 1-0: SINGLE (Groundball, 4D, EV 98.1 MPH)
|
Batting: RHB Eric Tesler
|
0-0: Called Strike Yomas Rodriguez steals 2nd base 0-1: Ball 1-1: Ball 2-1: Called Strike 2-2: Ball 3-2: Base on Balls
|
Batting: RHB Roberto Rios
|
0-0: Foul Ball, location: 2F 0-1: Ball 1-1: Ball 2-1: Swinging Strike 2-2: Strikes out looking
|
Batting: LHB Shohei Nishi
|
0-0: Ball 1-0: Foul Ball, location: 2F 1-1: Foul Ball, location: 2F 1-2: SINGLE (Groundball, 4MD, EV 97.5 MPH) Yomas Rodriguez to third Eric Tesler to second
|
Batting: RHB Omar Amaya
|
0-0: Ball 1-0: Ball 2-0: Called Strike 2-1: Foul Ball, location: 2F 2-2: Ball 3-2: Foul Ball, location: 2F 3-2: Strikes out looking
|
Batting: RHB Ramiro Vega
|
0-0: DOUBLE (Flyball, 78D, EV 88.1 MPH) Yomas Rodriguez scores Eric Tesler scores Shohei Nishi to third
|
Batting: RHB Willie Camacho
|
0-0: Ball 1-0: Called Strike 1-1: Ball 2-1: Foul Ball, location: 2F 2-2: Ball 3-2: Base on Balls
|
Batting: RHB David Gomez
|
0-0: Ball 1-0: Reached on error, E5 (Groundball, 56, EV 89.4 MPH) Shohei Nishi scores Ramiro Vega to third Willie Camacho to second
|
Batting: RHB Benjie Alejandro
|
0-0: Ball 1-0: Fielders Choice at 2nd, 5-4 (Groundball, 5, EV 90.0 MPH)
|
Bottom of the 1st over - 3 runs, 3 hits, 1 error, 3 left on base; University of Southern California 0 - University of Minnesota 3 |
TOP OF THE 2ND |
University of Southern California Trojans batting - Pitching for University of Minnesota Golden Gophers : RHP Getachew El Sayed
|
Batting: LHB Miguel Espinoza
|
0-0: Called Strike 0-1: Called Strike 0-2: Foul Ball, location: 2F 0-2: Foul Ball, location: 2F 0-2: Ball 1-2: Foul Ball, location: 2F 1-2: Strikes out swinging
|
Batting: RHB Jon Solis
|
0-0: Foul Ball, location: 2F 0-1: Ball 1-1: Ball 2-1: Called Strike 2-2: Strikes out swinging
|
Batting: SHB Rodrigo Mendoza
|
0-0: Ball 1-0: Foul Ball, location: 2F 1-1: Ball 2-1: SINGLE (Flyball, 78S, EV 99.4 MPH)
|
Batting: RHB Joaquin Salazar
|
0-0: Called Strike 0-1: 2-RUN HOME RUN (Flyball, 78XD, EV 110.6 MPH), Distance : 424 ft
|
Batting: RHB Paul Ngumi
|
0-0: Ball 1-0: Ground out 4-3 (Groundball, 4, EV 85.0 MPH)
|
Top of the 2nd over - 2 runs, 2 hits, 0 errors, 0 left on base; University of Southern California 2 - University of Minnesota 3 |
BOTTOM OF THE 2ND |
University of Minnesota Golden Gophers batting - Pitching for University of Southern California Trojans : LHP Will Creelman
|
Batting: LHB Yomas Rodriguez
|
0-0: Foul Ball, location: 2F 0-1: Bunted foul 0-2: SINGLE (Groundball, 56D, EV 111.9 MPH)
|
Batting: RHB Eric Tesler
|
0-0: Ball 1-0: Called Strike 1-1: Ball 2-1: Foul Ball, location: 2F 2-2: Hit by Pitch Yomas Rodriguez to second
|
Batting: RHB Roberto Rios
|
0-0: SINGLE (Groundball, 34D, EV 94.4 MPH) Yomas Rodriguez to third Eric Tesler to second
|
Batting: LHB Shohei Nishi
|
0-0: Called Strike 0-1: Ball 1-1: Fly out, F7 (Flyball, 7S, EV 90.0 MPH)
|
Batting: RHB Omar Amaya
|
0-0: DOUBLE (Flyball, 8RXD, EV 90.6 MPH) Yomas Rodriguez scores Eric Tesler scores Roberto Rios to third Runner from 3rd tries for Home, SAFE, no throw by CF
|
Pitching: RHP Danny Lucero
|
|
Batting: RHB Ramiro Vega
|
0-0: Fly out, F9 (Line Drive, 9D, EV 94.4 MPH)
|
Batting: RHB Willie Camacho
|
0-0: Ball 1-0: Ball 2-0: Ball 3-0: Called Strike 3-1: Base on Balls
|
Batting: RHB David Gomez
|
0-0: Swinging Strike 0-1: SINGLE (Groundball, 6MD, EV 103.1 MPH) Omar Amaya to third Willie Camacho to second Runner from 3rd tries for Home, SAFE, throw by CF to home
|
Batting: RHB Benjie Alejandro
|
0-0: Ball 1-0: SINGLE (Groundball, 4M, EV 98.8 MPH) (infield hit) Willie Camacho to third David Gomez to second
|
Batting: LHB Yomas Rodriguez
|
0-0: Called Strike 0-1: Ball 1-1: Ball 2-1: Ball 3-1: Base on Balls Willie Camacho scores David Gomez to third Benjie Alejandro to second
|
Batting: RHB Eric Tesler
|
0-0: Fly out, F8 (Flyball, 8LM, EV 90.6 MPH)
|
Bottom of the 2nd over - 5 runs, 5 hits, 0 errors, 3 left on base; University of Southern California 2 - University of Minnesota 8 |
TOP OF THE 3RD |
University of Southern California Trojans batting - Pitching for University of Minnesota Golden Gophers : RHP Getachew El Sayed
|
Batting: RHB Albert Zaragoza
|
0-0: Called Strike 0-1: Ball 1-1: Ball 2-1: Swinging Strike 2-2: Ground out 6-3 (Groundball, 6, EV 96.2 MPH)
|
Batting: RHB Arturo Galdamez
|
0-0: Ball 1-0: SINGLE (Line Drive, 4MD, EV 98.8 MPH)
|
Batting: LHB Alex Chairez
|
0-0: SINGLE (Groundball, 4D, EV 106.9 MPH) Arturo Galdamez to second
|
Batting: RHB Carlos Livas
|
0-0: Called Strike 0-1: Called Strike 0-2: Grounds into double play, 5-4-3 (Groundball, 56S, EV 88.1 MPH)
|
Top of the 3rd over - 0 runs, 2 hits, 0 errors, 1 left on base; University of Southern California 2 - University of Minnesota 8 |
BOTTOM OF THE 3RD |
University of Minnesota Golden Gophers batting - Pitching for University of Southern California Trojans : RHP Danny Lucero
|
Batting: RHB Roberto Rios
|
0-0: Called Strike 0-1: Ball 1-1: Foul Ball, location: 2F 1-2: Ball 2-2: Strikes out looking
|
Batting: LHB Shohei Nishi
|
0-0: Called Strike 0-1: Fly out, F8 (Flyball, 8RXD, EV 98.1 MPH)
|
Batting: RHB Omar Amaya
|
0-0: Ball 1-0: Called Strike 1-1: Swinging Strike 1-2: Foul Ball, location: 2F 1-2: Foul Ball, location: 2F 1-2: Ball 2-2: Ground out 5-3 (Groundball, 5L, EV 84.4 MPH)
|
Bottom of the 3rd over - 0 runs, 0 hits, 0 errors, 0 left on base; University of Southern California 2 - University of Minnesota 8 |
TOP OF THE 4TH |
University of Southern California Trojans batting - Pitching for University of Minnesota Golden Gophers : RHP Getachew El Sayed
|
Batting: LHB Miguel Espinoza
|
0-0: Ground out 6-3 (Groundball, 6M, EV 103.8 MPH)
|
Batting: RHB Jon Solis
|
0-0: Foul Ball, location: 2F 0-1: Swinging Strike 0-2: Strikes out swinging
|
Batting: SHB Rodrigo Mendoza
|
0-0: Called Strike 0-1: Ball 1-1: Ball 2-1: Foul Ball, location: 2F 2-2: Fly out, F7 (Flyball, 78S, EV 95.6 MPH)
|
Top of the 4th over - 0 runs, 0 hits, 0 errors, 0 left on base; University of Southern California 2 - University of Minnesota 8 |
BOTTOM OF THE 4TH |
University of Minnesota Golden Gophers batting - Pitching for University of Southern California Trojans : RHP Danny Lucero
|
Batting: RHB Ramiro Vega
|
0-0: Called Strike 0-1: Swinging Strike 0-2: Ball 1-2: Ball 2-2: Strikes out swinging
|
Batting: RHB Willie Camacho
|
0-0: Ball 1-0: Foul Ball, location: 2F 1-1: Foul Ball, location: 2F 1-2: Ball 2-2: Foul Ball, location: 2F 2-2: Strikes out swinging
|
Batting: RHB David Gomez
|
0-0: Foul Ball, location: 2F 0-1: Swinging Strike 0-2: Ball 1-2: Foul Ball, location: 2F 1-2: Strikes out swinging
|
Bottom of the 4th over - 0 runs, 0 hits, 0 errors, 0 left on base; University of Southern California 2 - University of Minnesota 8 |
TOP OF THE 5TH |
University of Southern California Trojans batting - Pitching for University of Minnesota Golden Gophers : RHP Getachew El Sayed
|
Batting: RHB Joaquin Salazar
|
0-0: Called Strike 0-1: SOLO HOME RUN (Flyball, 9D, EV 94.4 MPH), Distance : 368 ft
|
Batting: RHB Paul Ngumi
|
0-0: Ball 1-0: Fly out, F3 (Line Drive, 3, EV 65.0 MPH)
|
Batting: RHB Albert Zaragoza
|
0-0: Ball 1-0: Ball 2-0: Called Strike 2-1: Fly out, F4 (Popup, 23, EV 85.6 MPH)
|
Batting: RHB Arturo Galdamez
|
0-0: Called Strike 0-1: Swinging Strike 0-2: Foul Ball, location: 2F 0-2: Strikes out looking
|
Top of the 5th over - 1 run, 1 hit, 0 errors, 0 left on base; University of Southern California 3 - University of Minnesota 8 |
BOTTOM OF THE 5TH |
University of Minnesota Golden Gophers batting - Pitching for University of Southern California Trojans : RHP Danny Lucero
|
Batting: RHB Benjie Alejandro
|
0-0: Foul Ball, location: 2F 0-1: Ball 1-1: Foul Ball, location: 2F 1-2: Ground out 5-3 (Groundball, 56S, EV 86.9 MPH)
|
Batting: LHB Yomas Rodriguez
|
0-0: Foul Ball, location: 2F 0-1: Called Strike 0-2: Ball 1-2: Ball 2-2: Ball 3-2: Foul Ball, location: 2F 3-2: TRIPLE (Flyball, 89XD, EV 104.4 MPH)
|
Batting: RHB Eric Tesler
|
0-0: Ball 1-0: SINGLE (Line Drive, 7S, EV 95.0 MPH) Yomas Rodriguez scores
|
Batting: RHB Roberto Rios
|
0-0: Swinging Strike 0-1: Ball 1-1: Ball 2-1: Ball 3-1: Base on Balls Eric Tesler to second
|
Pitching: RHP Tristan Chapple
|
|
Batting: LHB Shohei Nishi
|
0-0: Foul Ball, location: 2F 0-1: Ball 1-1: Fielders Choice at 2nd, 6-4 (Groundball, 6, EV 103.1 MPH) Eric Tesler to third
|
Batting: RHB Omar Amaya
|
0-0: Fly out, F8 (Flyball, 8RM, EV 87.5 MPH)
|
Bottom of the 5th over - 1 run, 2 hits, 0 errors, 2 left on base; University of Southern California 3 - University of Minnesota 9 |
TOP OF THE 6TH |
University of Southern California Trojans batting - Pitching for University of Minnesota Golden Gophers : RHP Getachew El Sayed
|
Batting: LHB Alex Chairez
|
0-0: Swinging Strike 0-1: Called Strike 0-2: Ball 1-2: Foul Ball, location: 2F 1-2: SINGLE (Flyball, 8RS, EV 88.8 MPH)
|
Batting: RHB Carlos Livas
|
0-0: Called Strike 0-1: Ball Alex Chairez steals 2nd base 1-1: Swinging Strike 1-2: Strikes out swinging, 2-3 out at first.
|
Batting: LHB Miguel Espinoza
|
0-0: Ball 1-0: Called Strike 1-1: Foul Ball, location: 2F 1-2: Fly out, F5 (Popup, 25F, EV 88.8 MPH)
|
Batting: RHB Jon Solis
|
0-0: Foul Ball, location: 2F 0-1: Called Strike 0-2: Ball 1-2: Foul Ball, location: 2F 1-2: Foul Ball, location: 2F 1-2: Ball 2-2: Fly out, F8 (Flyball, 8RS, EV 88.8 MPH)
|
Top of the 6th over - 0 runs, 1 hit, 0 errors, 1 left on base; University of Southern California 3 - University of Minnesota 9 |
BOTTOM OF THE 6TH |
University of Minnesota Golden Gophers batting - Pitching for University of Southern California Trojans : RHP Tristan Chapple
|
Batting: RHB Ramiro Vega
|
0-0: Called Strike 0-1: SINGLE (Groundball, 56D, EV 96.2 MPH)
|
Batting: RHB Willie Camacho
|
0-0: Fielders Choice at 2nd, 4-6 (Groundball, 34, EV 78.8 MPH)
|
Batting: RHB David Gomez
|
0-0: Called Strike 0-1: Ball 1-1: Ball 2-1: Swinging Strike 2-2: Foul Ball, location: 2F 2-2: Strikes out looking
|
Batting: RHB Benjie Alejandro
|
0-0: Ball Willie Camacho steals 2nd base 1-0: Foul Ball, location: 2F 1-1: Foul Ball, location: 2F 1-2: SINGLE (Line Drive, 4MD, EV 94.4 MPH) Willie Camacho to third
|
Batting: LHB Yomas Rodriguez
|
0-0: Called Strike 0-1: Swinging Strike 0-2: Strikes out swinging
|
Bottom of the 6th over - 0 runs, 2 hits, 0 errors, 2 left on base; University of Southern California 3 - University of Minnesota 9 |
TOP OF THE 7TH |
University of Southern California Trojans batting - Pitching for University of Minnesota Golden Gophers : RHP Getachew El Sayed
|
Pitching: RHP Murilo Selo
|
|
Batting: SHB Rodrigo Mendoza
|
0-0: Called Strike 0-1: Ball 1-1: Ball 2-1: Foul Ball, location: 2F 2-2: Ball 3-2: Base on Balls
|
Batting: RHB Joaquin Salazar
|
0-0: Called Strike 0-1: Ball 1-1: Called Strike 1-2: Ball 2-2: Ball Rodrigo Mendoza is caught stealing 2nd base 2-4 3-2: DOUBLE (Groundball, 3L, EV 110.6 MPH)
|
Batting: RHB Paul Ngumi
|
0-0: Ball Joaquin Salazar steals 3rd base 1-0: Ball 2-0: Fly out, F5 (Popup, 56S, EV 73.1 MPH)
|
Batting: RHB Albert Zaragoza
|
0-0: Ground out 6-3 (Groundball, 6, EV 106.2 MPH)
|
Top of the 7th over - 0 runs, 1 hit, 0 errors, 1 left on base; University of Southern California 3 - University of Minnesota 9 |
BOTTOM OF THE 7TH |
University of Minnesota Golden Gophers batting - Pitching for University of Southern California Trojans : RHP Tristan Chapple
|
Batting: RHB Eric Tesler
|
0-0: Ball 1-0: Ball 2-0: Called Strike 2-1: Ball 3-1: Swinging Strike 3-2: Base on Balls
|
Batting: RHB Roberto Rios
|
0-0: Foul Ball, location: 2F 0-1: Called Strike 0-2: Ball 1-2: Foul Ball, location: 2F 1-2: Ball 2-2: Foul Ball, location: 2F 2-2: Foul Ball, location: 2F 2-2: Ball 3-2: Foul Ball, location: 2F 3-2: Foul Ball, location: 2F 3-2: Base on Balls Eric Tesler to second
|
Batting: LHB Shohei Nishi
|
0-0: Called Strike 0-1: Ball 1-1: Ball 2-1: Ball 3-1: Grounds out, U3 (Groundball, 3L, EV 101.2 MPH) Eric Tesler to third
|
Batting: RHB Omar Amaya
|
0-0: Ball 1-0: Called Strike 1-1: Foul Ball, location: 2F 1-2: Foul Ball, location: 2F 1-2: Ball 2-2: Foul Ball, location: 2F 2-2: Ball 3-2: Foul Ball, location: 2F 3-2: Base on Balls
|
Pitching: LHP Rafael Lozano
|
|
Batting: RHB Ramiro Vega
|
0-0: Called Strike 0-1: Ball 1-1: Ground out 4-3 (Groundball, 4M, EV 104.4 MPH) Eric Tesler scores Roberto Rios to third Omar Amaya to second
|
Batting: RHB Willie Camacho
|
0-0: Ground out 4-3 (Groundball, 4M, EV 81.9 MPH)
|
Bottom of the 7th over - 1 run, 0 hits, 0 errors, 2 left on base; University of Southern California 3 - University of Minnesota 10 |
TOP OF THE 8TH |
University of Southern California Trojans batting - Pitching for University of Minnesota Golden Gophers : RHP Murilo Selo
|
Pinch Hitting: RHB Kirk Cully
|
0-0: Fly out, F5 (Line Drive, 5, EV 67.5 MPH)
|
Batting: LHB Alex Chairez
|
0-0: Fly out, F8 (Flyball, 8LXD, EV 80.6 MPH)
|
Pinch Hitting: LHB Nick Martin
|
0-0: Foul Ball, location: 2F 0-1: SINGLE (Groundball, 56D, EV 106.2 MPH)
|
Batting: LHB Miguel Espinoza
|
0-0: Called Strike 0-1: Foul Ball, location: 2F 0-2: Fly out, F9 (Line Drive, 9D, EV 95.0 MPH)
|
Top of the 8th over - 0 runs, 1 hit, 0 errors, 1 left on base; University of Southern California 3 - University of Minnesota 10 |
BOTTOM OF THE 8TH |
University of Minnesota Golden Gophers batting - Pitching for University of Southern California Trojans : LHP Rafael Lozano
|
Now at 1B: Luis Cruz
|
|
Now in LF: Jon Solis
|
|
Now in RF: Nick Martin
|
|
Batting: RHB David Gomez
|
0-0: Ball 1-0: Swinging Strike 1-1: Ground out 4-3 (Groundball, 4, EV 104.4 MPH)
|
Batting: RHB Benjie Alejandro
|
0-0: Called Strike 0-1: Foul Ball, location: 2F 0-2: Ground out 5-3 (Groundball, 56S, EV 81.9 MPH)
|
Batting: LHB Yomas Rodriguez
|
0-0: Ball 1-0: Ball 2-0: Called Strike 2-1: Called Strike 2-2: Ground out 5-3 (Groundball, 56, EV 88.1 MPH)
|
Bottom of the 8th over - 0 runs, 0 hits, 0 errors, 0 left on base; University of Southern California 3 - University of Minnesota 10 |
TOP OF THE 9TH |
University of Southern California Trojans batting - Pitching for University of Minnesota Golden Gophers : RHP Murilo Selo
|
Pinch Hitting: LHB Jayden Pelayo
|
0-0: Ball 1-0: Ground out U3 (Groundball, 3, EV 110.0 MPH)
|
Pinch Hitting: LHB Vinaya Satyavrat
|
0-0: Foul Ball, location: 2F 0-1: Swinging Strike 0-2: Strikes out looking
|
Batting: RHB Joaquin Salazar
|
0-0: Ground out 4-3 (Groundball, 4, EV 83.8 MPH)
|
Top of the 9th over - 0 runs, 0 hits, 0 errors, 0 left on base; University of Southern California 3 - University of Minnesota 10 |
|